 Dungeon Crawl Stone Soup version 0.31.0-11-ge490571c62 (webtiles) character file.

Game seed: 15269004963216332541

136 qw the Ducker (level 4, -3/22 HPs)
             Began as a Spriggan Hunter on Feb 3, 2024.
             Slain by a gnoll
             ... wielding a +0 spear
              (5 damage)
             ... on level 4 of the Dungeon.
             The game lasted 00:00:07 (1844 turns).

qw the Ducker (Spriggan Hunter)                     Turns: 1844, Time: 00:00:08

Health: -3/22      AC:  2    Str:  7    XL:     4   Next: 98%
Magic:  5/5        EV: 22    Int: 10    God:
Gold:   147        SH:  0    Dex: 26    Spells: 3/3 levels left

rFire   . . .        f - +1 orcbow
rCold   . . .        (shield currently unavailable)
rNeg    . . .        c - +0 robe
rPois   +            (helmet restricted)
rElec   .            (no cloak)
rCorr   .            (gloves unavailable)
SInv    +            (boots unavailable)
Will    .....        (no amulet)
Stlth   ++           e - +6 ring of dexterity
HPRegen 0.23/turn    k - ring of poison resistance
MPRegen 0.09/turn

%: no passive effects
@: about to teleport, very quick
A: very small, no large weapons, unfitting armour, see invisible, speed 3
a: no special abilities


You were on level 4 of the Dungeon.
You visited 2 branches of the dungeon, and saw 5 of its levels.

You collected 147 gold pieces.


Innate Abilities, Weirdness & Mutations

You are very small and have problems with some larger weapons.
You are too small for most types of armour.
You have supernaturally acute eyesight. (SInv)
You cover ground extremely quickly. (Speed+++)


   Skills:
 - Level 1.5 Fighting
 - Level 5.1 Ranged Weapons
 + Level 5.4 Dodging
 - Level 1.5 Stealth


You had 3 spell levels left.
You didn't know any spells.
Your spell library was empty.

Inventory:

Hand Weapons
 f - a +1 orcbow (weapon)
Armour
 c - a +0 robe (worn)
Jewellery
 e - a +6 ring of dexterity (left hand)
 k - a ring of poison resistance (right hand)
Wands
 i - a wand of digging (7)
Scrolls
 d - a scroll of enchant armour
 g - a scroll of teleportation
 m - a scroll of identify
Potions
 a - a potion of resistance {unknown}
 b - a potion of haste
 h - 3 potions of curing
 j - a potion of might
 l - a potion of cancellation

Dungeon Overview and Level Annotations

Branches:
Dungeon (4/15)             Temple (1/1) D:4

Altars:
Cheibriados
Elyvilon
Gozag
Kikubaaqudgha
Sif Muna
Trog
Uskayaw
Vehumet
Wu Jian
Xom
Yredelemnul
Zin


Message History

The dart slug is severely wounded.
The dart slug launches a dart at you. The slug dart misses you.
You shoot an arrow. The arrow hits the dart slug!
You kill the dart slug!
You see here a ring of see invisible.
A gnoll comes into view. It is wielding a +0 flail.
You shoot an arrow. The arrow hits the gnoll.
The gnoll shouts!
The gnoll is moderately wounded.
You hear a shout!
A gnoll comes into view. It is wielding a +0 spear.
You shoot an arrow. The gnoll shouts!
The arrow hits the gnoll.
The gnoll is heavily wounded.
A gnoll comes into view. It is wielding a +0 halberd.
You shoot an arrow.
The arrow hits the gnoll but does no damage.
The gnoll is heavily wounded.
You shoot an arrow. The arrow closely misses the gnoll. x2
You shoot an arrow. The arrow hits the gnoll.
The gnoll is severely wounded.
You shoot an arrow. The arrow hits the gnoll.
The gnoll is almost dead.
The gnoll hits you with a +0 flail! The gnoll closely misses you.
The gnoll hits you with a +0 flail!
You shoot an arrow. The arrow hits the gnoll!
You kill the gnoll!
The gnoll completely misses you.
You shoot an arrow. The arrow closely misses the gnoll.
The gnoll closely misses you. The gnoll barely misses you.
You shoot an arrow. The arrow closely misses the gnoll.
The gnoll closely misses you.
The gnoll hits you from afar with a +0 spear.
1844 ||| READING 2 scrolls of teleportation.
As you read the scroll of teleportation, it crumbles to dust.
You feel strangely unstable.
The gnoll hits you from afar with a +0 spear.
You die...

#........ #........ .
#######.=...... ..
#.............. #.
#.............. +..
#.............. #...
#..............
.#...g####.............. .
.....g)@....####........
#.#....#.##...# #........ #
.#.##.#......#..#........ #.
. ......#...#..#........
...##.#.#.#.#...#..#........
#....#.#.#...###..#........
#.................#........
#.>.#.##......###'###..
#...#.....##..##....#..


You could see 2 gnolls.

Vanquished Creatures
  A hound (D:4)
  Jessica (D:2)
  2 adders
  A gnoll (D:4)
  2 dart slugs
  9 ball pythons
  4 endoplasms
  2 giant cockroaches
  4 goblins
  3 hobgoblins
  3 kobolds (D:3)
  4 quokkas
  4 bats
  2 frilled lizards (D:3)
  10 rats
52 creatures vanquished.

Notes
Turn   | Place    | Note
-------+----------+-------------------------------------------
     0 | D:1      | qw the Spriggan Hunter began the quest for the Orb.
     0 | D:1      | Reached XP level 1. HP: 10/10 MP: 2/2
     0 | D:1      | 0 ||| qw: Version: 0.3-a-155-g5e7d8dd
     0 | D:1      | 0 ||| qw: Game counter: 3094
     0 | D:1      | 0 ||| qw: Melee chars always use a shield: true
     0 | D:1      | 0 ||| qw: God list: Okawaru
     0 | D:1      | 0 ||| qw: Allow faded altars: false
     0 | D:1      | 0 ||| qw: Do Orc after clearing Dungeon:15 true
     0 | D:1      | 0 ||| qw: Do second Lair branch before Depths: true
     0 | D:1      | 0 ||| qw: Lair rune preference: random
     0 | D:1      | 0 ||| qw: Goals: Normal
     0 | D:1      | 0 ||| PLANNING D:1-11
    48 | D:1      | Reached skill level 3 in Dodging
   142 | D:1      | Reached XP level 2. HP: 14/14 MP: 3/3
   475 | D:1      | 475 ||| UPGRADING to +6 ring of dexterity.
   476 | D:1      | 476 ||| READING scroll labelled MAVATAGUULU.
   476 | D:1      | 476 ||| IDENTIFYING fizzy dark potion
   477 | D:1      | 477 ||| READING 3 scrolls labelled NEMUKHL OSCHAA.
   481 | D:1      | 481 ||| DRINKING 2 emerald potions.
   482 | D:1      | 482 ||| DROPPING scroll of butterflies.
   483 | D:1      | 483 ||| DROPPING potion of lignification.
   484 | D:1      | 484 ||| DROPPING potion of magic.
   678 | D:2      | Noticed Jessica
   683 | D:2      | Killed Jessica
   684 | D:2      | Reached XP level 3. HP: 18/18 MP: 4/4
   699 | D:2      | 699 ||| UPGRADING to ring of poison resistance.
   700 | D:2      | 700 ||| READING 2 scrolls of identify.
   700 | D:2      | 700 ||| IDENTIFYING glowing brown potion
   701 | D:2      | 701 ||| READING scroll of identify.
   701 | D:2      | 701 ||| IDENTIFYING sapphire potion
   702 | D:2      | 702 ||| READING scroll labelled HEUGEN JOKK.
   704 | D:2      | 704 ||| DRINKING 2 glowing black potions.
  1033 | D:2      | 1033 ||| SWAPPING to +0 orcbow.
  1034 | D:2      | 1034 ||| DROPPING +0 shortbow.
  1035 | D:2      | 1035 ||| READING scroll labelled BYAMOF SODOCOL.
  1099 | D:3      | Reached XP level 4. HP: 22/22 MP: 5/5
  1231 | D:3      | Identified the +3 long sword of Earthquakes {speed, MP+9
                  | Dex+2}
  1615 | D:3      | 1615 ||| READING 2 scrolls of identify.
  1615 | D:3      | 1615 ||| IDENTIFYING metallic puce potion
  1616 | D:3      | 1616 ||| READING scroll of identify.
  1616 | D:3      | 1616 ||| IDENTIFYING scroll labelled AWEGEB ITUJAATE
  1617 | D:3      | 1617 ||| READING scroll labelled DUTZEPL HICO.
  1617 | D:3      | 1617 ||| ENCHANTING +0 orcbow.
  1685 | D:4      | Found a staircase to the Ecumenical Temple.
  1686 | D:4      | 1686 ||| PLANNING TEMPLE
  1695 | Temple   | Entered the Ecumenical Temple
  1696 | Temple   | 1696 ||| PLANNING D:1-11
  1843 | D:4      | HP: 2/22 [gnoll/+0 spear (5)]
  1844 | D:4      | 1844 ||| READING 2 scrolls of teleportation.
  1844 | D:4      | Slain by a gnoll

Levels and vault maps discovered:
D:1:      dpeg_arrival_rhombi, layout_rooms, amcnicky_mini_corridor_feature
D:2:      layout_loops_ring, serial_glass, glass_columns_a, glass_columns_a,
          glass_columns_b, glass_columns_b, glass_columns_a, glass_columns_c,
          glass_columns_a, glass_columns_a, glass_columns_a, glass_columns_a,
          uniq_jessica
D:3:      layout_loops_ring
D:4:      layout_gridville, minmay_temple_entry_ruins
Temple:   nicolae_temple_x_marks_the_god

Skill      XL: |  1  2  3  4 |
---------------+-------------+-----
Dodging        | 3 5 |  5.4
Ranged Weapons | 5 |  5.1
Fighting       | |  1.5
Stealth        | |  1.5

Action                     |  1- 3 |  4- 6 || total
---------------------------+-------+-------++-------
   Fire: Shortbow          |    59 |       ||    59
         Orcbow            |     8 |    47 ||    55
    Use: Scroll            |     6 |     4 ||    10
         Potion            |     2 |       ||     2
 Armour: Robe              |     1 |     4 ||     5
  Dodge: Dodged            |    14 |     9 ||    23

Table legend:
 A = Non-vault XP
 B = Vault XP
 C = Vault XP percentage of total XP
 D = Non-vault monster count
 E = Vault monster count
 F = Vault count percentage of total count
                 A         B        C        D         E       F
            +---------+---------+-------+---------+---------+-------
      Total |     158 |      37 |  19.0 |      51 |       1 |   1.9
            +---------+---------+-------+---------+---------+-------
        D:1 |      24 |       0 |   0.0 |      16 |       0 |   0.0
        D:2 |      34 |      37 |  52.1 |      13 |       1 |   7.1
        D:3 |      25 |       0 |   0.0 |      17 |       0 |   0.0
        D:4 |      75 |       0 |   0.0 |       5 |       0 |   0.0
            +---------+---------+-------+---------+---------+-------
